 Dungeon Crawl Stone Soup version 0.32-a0-876-gcfddb08e57 (webtiles) character file.

Game seed: 1714094393588797712

7769 PimpSugar the Magician (level 11, -2/80 HPs)
             Began as a Demonspawn Hedge Wizard on Mar 31, 2024.
             Was a Priest of Vehumet.
             Killed from afar by an acid dragon (16 damage)
             ... with a splash of acid
             ... on level 9 of the Dungeon.
             The game lasted 01:04:34 (10662 turns).

PimpSugar the Magician (Demonspawn Hedge Wizard)   Turns: 10662, Time: 01:04:35

Health: -2/80      AC:  5    Str: 16    XL:     11   Next: 1%
Magic:  4/22       EV: 11    Int: 24    God:    Vehumet [***...]
Gold:   124        SH:  5    Dex: 12    Spells: 6/24 levels left

rFire   . . .        k - +3 sling of Benevolence {drain, *Slow Will+ SInv}
rCold   . . .        (no shield)
rNeg    . . .        H - +0 steam dragon scales
rPois   +            c - +2 hat
rElec   .            (no cloak)
rCorr   .            (no gloves)
SInv    +            B - +1 pair of boots
Will    +....        q - amulet of reflection
Stlth   +++          s - ring of poison resistance
HPRegen 0.33/turn    a - +6 ring of strength
MPRegen 0.18/turn

%: slow self (1%), reflection
@: mighty, corroded, on blink cooldown
A: hooves 2, foul stench 1, powered by death 2, big brain 2
a: Renounce Religion


You were on level 9 of the Dungeon.
You worshipped Vehumet.
Vehumet was most pleased with you.
You visited 2 branches of the dungeon, and saw 10 of its levels.

You collected 1452 gold pieces.
You spent 1328 gold pieces at shops.

Inventory:

Hand Weapons
 k - the +3 sling of Benevolence (weapon) {drain, *Slow Will+ SInv}
   (You found it on level 3 of the Dungeon)

   Will+:     It increases your willpower.
   SInv:      It lets you see invisible.
   *Slow:     It may slow you when you take damage.
 r - a +3 heavy hand axe
 x - a +4 long sword of freezing
 z - a +0 vampiric whip
 D - a +3 hand axe
 E - the +11 scimitar "Munuom" {holy, rElec}
   (You found it on level 6 of the Dungeon)

   rElec:     It insulates you from electricity.
 I - a +2 trident of draining
 K - a +1 spear of flaming
 O - a +1 dagger of distortion
Missiles
 f - 9 boomerangs
 g - 162 stones
 p - 71 poisoned darts
 G - a throwing net
 J - a curare-tipped dart
Armour
 b - a +1 robe
 c - a +2 hat (worn)
 B - a +1 pair of boots (worn)
 H - +0 steam dragon scales (worn)
 L - an orb of mayhem
 P - a +2 robe of willpower
Jewellery
 a - a +6 ring of strength (right hand)
 q - an amulet of reflection (around neck)
 s - a ring of poison resistance (left hand)
 v - an amulet of faith
 F - a ring of resist corrosion
Wands
 u - a wand of flame (16)
Scrolls
 e - 3 scrolls of teleportation
 t - 2 scrolls of fear
 y - a scroll of brand weapon {unknown}
 M - a scroll of butterflies {unknown}
 N - a scroll of enchant weapon
 Q - a scroll of noise {unknown}
 R - 2 scrolls of amnesia
Potions
 d - 2 potions of magic
 i - a potion of resistance
 j - 3 potions of enlightenment
 l - 2 potions of might
 m - a potion of lignification
 n - a potion of curing
 o - 4 potions of attraction
 w - a potion of berserk rage {unknown}
 A - a potion of ambrosia {unknown}
 C - 3 potions of degeneration
Miscellaneous
 S - a lightning rod (4/4)


   Skills:
 + Level 5.3 Fighting
 + Level 3.8 Ranged Weapons
 - Level 1.7 Dodging
 + Level 5.5 Stealth
 * Level 7.4 Spellcasting
 + Level 5.3 Conjurations
 + Level 5.3 Summonings
 + Level 4.7 Translocations
 + Level 4.3 Fire Magic
 + Level 4.6 Ice Magic
 + Level 4.2 Evocations


You had 6 spell levels left.
You knew the following spells:

 Your Spells              Type           Power      Damage    Failure   Level
a - Magic Dart            Conj           100%       1d8       1%          1
b - Call Imp              Summ           68%        N/A       1%          2
c - Summon Ice Beast      Ice/Summ       32%        N/A       2%          3
d - Foxfire               Conj/Fire      100%       2x1d9     1%          1
e - Blink                 Tloc           62%        N/A       1%          2
f - Flame Wave            Conj/Fire      32%        2d9       2%          4
g - Brom's Barrelling Bo  Conj/Erth      21%        2d4       6%          4
h - Sting                 Conj/Alch      84%        1d8       1%          1

Your spell library contained the following spells:

 Spells                   Type           Power      Damage    Failure   Level
 Fulminant Prism          Conj/Alch      10%        3d8       6%          4
 Hailstorm                Conj/Ice       32%        3d8       1%          3
 Volatile Blastmotes      Fire/Tloc      60%        2d15      1%          3
 Mephitic Cloud           Conj/Alch/Air  17%        N/A       2%          3
 Iskenderun's Battlesphe  Conj           34%        2d9       6%          5
 Slow                     Hex            32%        N/A       7%          1
 Fireball                 Conj/Fire      16%        3d8       7%          5
 Cigotuvi's Dreadful Rot  Necr/Alch/Air  16%        N/A       11%         2
 Olgreb's Toxic Radiance  Alch           8%         N/A       17%         4
 Passwall                 Erth           8%         N/A       21%         3
 Vhi's Electric Charge    Tloc/Air       40%        N/A       26%         4
 Bombard                  Conj/Erth      10%        9d3       63%         6
 Conjure Ball Lightning   Conj/Air       10%        3x3d6     63%         6
 Permafrost Eruption      Ice/Erth       10%        2x4d3     67%         6
 Sculpt Simulacrum        Ice/Alch       10%        N/A       99%         6
 Orb of Destruction       Conj           17%        9d7       82%         7
 Ozocubu's Refrigeration  Ice            15%        4d10      88%         7
 Discord                  Hex            4%         N/A       100%        8


Dungeon Overview and Level Annotations

Branches:
Dungeon (9/15)             Temple (1/1) D:5            Lair (0/5) D:9
    Orc (0/2) D:9

Altars:
Ashenzari
Cheibriados
Dithmenos
Fedhas
Gozag
Hepliaklqana
Kikubaaqudgha
Makhleb
Nemelex Xobeh
Okawaru
Qazlal
Sif Muna
Trog
Uskayaw
Vehumet
Wu Jian
Xom
Yredelemnul

Shops:
D:4 :=(


Innate Abilities, Weirdness & Mutations

You have hoof-like feet.
You may rarely emit foul miasma when damaged in melee.
You regenerate health from kills.
You have an extremely huge brain. (Int +4)


Message History

Your cerulean imp hits the warg but does no damage.
The warg bites your ice beast! The acid dragon spits acid at you.
The splash of acid hits you!
* * * LOW HITPOINT WARNING * * *
The acid corrodes you! The warg bites your ice beast!!
Your ice beast dies!
Your ice beast disappears in a puff of smoke!
Your cerulean imp hits the warg but does no damage.
You see here a wolf corpse.
You feel better.
Your cerulean imp completely misses the warg.
The warg bites your cerulean imp!!
Your cerulean imp dies!
Your cerulean imp disappears in a puff of smoke!
You feel ready to blink again.
Casting: Blink (safe; 1% risk of failure)
Confirm with . or Enter, or press ? or * to list all spells.
You blink.
Found a scroll labelled COMEMEC TEUFEGH.
Found an escape hatch in the floor.
Casting: Blink (safe; 1% risk of failure)
Confirm with . or Enter, or press ? or * to list all spells.
A tiny devil pulls itself out of the air.
Your cerulean imp hits the warg but does no damage.
Casting: Call Imp (safe; 1% risk of failure)
Confirm with . or Enter, or press ? or * to list all spells.
A tiny devil pulls itself out of the air.
You feel ready to blink again.
Your cerulean imp disappears in a puff of smoke!
The warg closely misses you.
Your cerulean imp misses the warg.
Your cerulean imp closely misses the warg.
Casting: Call Imp (safe; 1% risk of failure)
Confirm with . or Enter, or press ? or * to list all spells.
You blink.
Your cerulean imp hits the warg but does no damage.
The acid dragon spits acid at you. The splash of acid hits you!
You die...

##.?.#..§......#
##..............#
#>..............###
#..................
##...5.D....#.>†..##
#....§....###.§).##
##..h.....# ##..##
#........# #..##
#.@.....####.##
##......###..#
##...####..## ##.##
#..## ### ##..#
##..## #..## ##..#
###..##


You could see a warg (ally target), an acid dragon (catching breath) and a
friendly cerulean imp (summoned).

Vanquished Creatures
  A two-headed ogre (D:9)
  A hornet (D:9)
  Grinder (D:3)
  A yak (D:9)
  3 wyverns
  A steam dragon (D:8)
  A water moccasin (D:9)
  3 orc warriors
  2 wolves (D:9)
  An ogre (D:5)
  A phantom (D:5)
  2 bullfrogs
  4 scorpions
  A wight (D:9)
  A killer bee (D:8)
  A howler monkey (D:7)
  4 bombardier beetles (D:4)
  5 orc priests
  Jessica (D:3)
  4 iguanas
  5 orc wizards
  3 adders
  7 gnolls
  3 white imps
  A dart slug (D:1)
  A ribbon worm (D:5)
  12 orcs
  4 bats
  3 endoplasms
  A giant cockroach (D:4)
  4 goblins
  9 hobgoblins
  3 jackals (D:4)
  7 quokkas
  6 ball pythons
  4 frilled lizards
  19 kobolds
  6 rats
137 creatures vanquished.

Vanquished Creatures (collateral kills)
  A two-headed ogre (D:9)
  Jeremiah (D:8)
  A wyvern (D:9)
  A steam dragon (D:8)
  A fire bat (D:8)
  4 water moccasins
  2 sky beasts (D:8)
  An orc warrior (D:9)
  An ogre (D:5)
  A black bear (D:9)
  2 wolves (D:9)
  Blork the orc (D:6)
  6 kobold brigands
  3 bullfrogs (D:6)
  2 gnoll sergeants
  2 wights
  3 killer bees (D:8)
  An electric eel (D:9)
  2 howler monkeys (D:9)
  2 bombardier beetles
  2 hounds
  7 orc priests
  A jelly (D:3)
  A gnoll bouda (D:6)
  A sleepcap (D:6)
  Ijyb (D:4)
  6 orc wizards
  2 adders (D:2)
  10 gnolls
  A shadow imp (D:6)
  A dart slug (D:2)
  2 ribbon worms (D:2)
  14 orcs
  An endoplasm (D:4)
  2 goblins
  2 hobgoblins
  A jackal (D:4)
  20 kobolds
  A foxfire (D:8)
114 creatures vanquished.

Vanquished Creatures (others)
  2 killer bees (D:8)
  116 foxfires
118 creatures vanquished.

Grand Total: 369 creatures vanquished

Notes
Turn   | Place    | Note
-------+----------+-------------------------------------------
     0 | D:1      | PimpSugar the Demonspawn Hedge Wizard began the quest for
                  | the Orb.
     0 | D:1      | Reached XP level 1. HP: 13/13 MP: 4/4
   163 | D:1      | Reached skill level 1 in Translocations
   265 | D:1      | Gained mutation: You have large cloven feet. [demonic
                  | ancestry]
   265 | D:1      | Reached XP level 2. HP: 3/19 MP: 1/6
   409 | D:1      | Learned a level 2 spell: Call Imp
  1267 | D:2      | Gained mutation: You have an unusually large brain. (Int
                  | +2) [demonic ancestry]
  1267 | D:2      | Reached XP level 3. HP: 25/25 MP: 5/7
  1271 | D:2      | Learned a level 3 spell: Summon Ice Beast
  1435 | D:2      | Gained mutation: You regenerate a little health from kills.
                  | [demonic ancestry]
  1435 | D:2      | Reached XP level 4. HP: 22/31 MP: 0/9
  1554 | D:2      | Got the Monograph on the Cursed Summer
  1557 | D:2      | Learned a level 1 spell: Foxfire
  1731 | D:2      | Reached skill level 1 in Fighting
  2405 | D:3      | Noticed Grinder
  2419 | D:3      | HP: 1/32 [Grinder (2)]
  2420 | D:3      | Killed Grinder
  2421 | D:3      | Reached skill level 4 in Spellcasting
  2421 | D:3      | Reached skill level 1 in Fire Magic
  2421 | D:3      | Reached skill level 1 in Ice Magic
  2421 | D:3      | Gained mutation: You have an extremely huge brain. (Int +4)
                  | [demonic ancestry]
  2421 | D:3      | Reached XP level 5. HP: 2/38 MP: 7/11
  2421 | D:3      | Gained mutation: You have hoof-like feet. [demonic
                  | ancestry]
  2421 | D:3      | Reached XP level 6. HP: 3/44 MP: 7/12
  2592 | D:3      | Identified the +3 sling of Benevolence {drain, *Slow Will+
                  | SInv}
  2806 | D:3      | Noticed Jessica
  2810 | D:3      | Killed Jessica
  3044 | D:3      | Gained mutation: You may rarely emit foul miasma when
                  | damaged in melee. [demonic ancestry]
  3044 | D:3      | Reached XP level 7. HP: 50/50 MP: 6/13
  3961 | D:4      | Found a bloodstained altar of Trog.
  4143 | D:4      | Found Hatera's Book Shop.
  4147 | D:4      | Noticed Ijyb
  4161 | D:4      | Killed Ijyb
  4422 | D:4      | Found Wankun's Weapon Emporium.
  4588 | D:4      | Found Jyem's Jewellery Emporium.
  4807 | D:5      | Entered Level 5 of the Dungeon
  4808 | D:5      | Found a staircase to the Ecumenical Temple.
  4837 | Temple   | Entered the Ecumenical Temple
  4916 | Temple   | Became a worshipper of Vehumet
  5072 | D:5      | Gained mutation: You regenerate health from kills. [demonic
                  | ancestry]
  5072 | D:5      | Reached XP level 8. HP: 53/57 MP: 12/15
  5192 | D:5      | Reached skill level 1 in Ranged Weapons
  5365 | D:5      | Reached skill level 5 in Spellcasting
  5422 | D:5      | Reached skill level 1 in Evocations
  5831 | D:6      | Identified the +11 scimitar "Munuom" {holy, rElec}
  5950 | D:6      | Noticed Blork the orc
  5959 | D:6      | Killed Blork the orc
  6107 | D:6      | Reached * piety under Vehumet
  6107 | D:6      | Offered knowledge of Kiss of Death by Vehumet.
  6478 | D:7      | Reached XP level 9. HP: 63/64 MP: 5/17
  6774 | D:7      | Found an ornate altar of the Wu Jian Council.
  6847 | D:7      | Offered knowledge of Sting by Vehumet.
  6858 | D:7      | Reached ** piety under Vehumet
  7005 | D:7      | Learned a level 1 spell: Sting
  7359 | D:8      | Identified the +0 leather armour of Failure {rPois Dex-3
                  | SInv}
  7377 | D:8      | Found a stormy altar of Qazlal.
  7511 | D:8      | Reached skill level 6 in Spellcasting
  7761 | D:8      | Learned a level 4 spell: Flame Wave
  7987 | D:8      | Found a broken altar of Ashenzari.
  8024 | D:8      | Noticed Jeremiah
  8061 | D:8      | Killed Jeremiah
  8182 | D:8      | Found a shimmering altar of Xom.
  8294 | D:8      | Reached XP level 10. HP: 59/73 MP: 13/19
  8713 | D:8      | Identified a scroll of acquirement
  8713 | D:8      | Acquired 929 gold pieces
  8835 | D:4      | Bought a book of the Spheres for 896 gold pieces
  8994 | D:4      | Bought a +6 ring of strength for 432 gold pieces
  9202 | D:9      | Noticed a two-headed ogre
  9241 | D:9      | Killed a two-headed ogre
  9322 | D:9      | Noticed a two-headed ogre
  9337 | D:9      | Reached skill level 5 in Stealth
  9347 | D:9      | Killed a two-headed ogre
  9347 | D:9      | Offered knowledge of Scorch by Vehumet.
  9348 | D:9      | Reached skill level 7 in Spellcasting
  9350 | D:9      | Reached skill level 5 in Conjurations
  9379 | D:9      | Reached skill level 5 in Fighting
  9490 | D:9      | Reached *** piety under Vehumet
  9491 | D:9      | Reached skill level 5 in Summonings
  9572 | D:9      | Offered knowledge of Fulminant Prism by Vehumet.
  9644 | D:9      | Learned a level 4 spell: Brom's Barrelling Boulder
  9647 | D:9      | Learned a level 2 spell: Blink
 10006 | D:9      | Found a staircase to the Lair.
 10461 | D:9      | Found an ancient bone altar of Kikubaaqudgha.
 10461 | D:9      | Found an opulent altar of Gozag.
 10553 | D:9      | Reached XP level 11. HP: 80/80 MP: 9/22
 10626 | D:9      | Found a staircase to the Orcish Mines.
 10651 | D:9      | HP: 4/80 [acid dragon/splash of acid (12)]
 10662 | D:9      | Killed from afar by an acid dragon

Illustrated notes

Levels and vault maps discovered:
D:1:      evilmike_arrival_grusome_pit, layout_rooms
D:2:      layout_loops_ring, grunt_decor_junction
D:3:      layout_basic, uniq_jessica, uniq_grinder
D:4:      layout_cave_pods, trog_hazing_becter, serial_shops,
          nicolae_shop_crystal, shop, nicolae_shop_tiny_real_fake_doors,
          st_stairs_6, uniq_ijyb
D:5:      layout_loops_ring, minmay_temple_entry_trees
D:6:      layout_basic, uniq_blork_the_orc
D:7:      layout_layer_cave, nicolae_wu_jian_wuxing_cycle,
          nicolae_elevator_lobby_plus
D:8:      layout_cave_pods, regret_index_xom_of_box, overflow_temple_1_default,
          grunt_qazlal_sundering, minmay_circle_x, uniq_jeremiah
D:9:      layout_cave_pods, gammafunk_temple_overflow_elements,
          minmay_lair_entry_grove, minmay_orc_entry_guard_dogs,
          amcnicky_mini_pool_medium
Temple:   compressed_dpeg_circular_temple

Skill      XL: |  1  2  3  4  5  6  7  8  9 10 |
---------------+-------------------------------+-----
Translocations | 1 2 3 4 |  4.7
Stealth        | 2 3 4 5 |  5.5
Conjurations   | 2 3 4 5 |  5.3
Fighting       | 1 2 3 4 5 |  5.3
Spellcasting   | 4 5 6 7 |  7.4
Summonings     | 2 3 4 5 |  5.3
Fire Magic     | 1 2 3 4 |  4.3
Ice Magic      | 1 2 3 4 |  4.6
Ranged Weapons | 2 3 |  3.8
Evocations     | 2 3 4 |  4.2
Dodging        | |  1.7

Action                     |  1- 3 |  4- 6 |  7- 9 | 10-12 || total
---------------------------+-------+-------+-------+-------++-------
  Melee: Dagger            |    28 |    14 |       |       ||    42
         Kick              |     2 |     3 |       |       ||     5
         Hand axe          |       |     6 |       |       ||     6
         Sling             |       |       |       |     2 ||     2
   Fire: Sling             |       |    19 |   218 |    83 ||   320
   Cast: Magic Dart        |    55 |    10 |    44 |    44 ||   153
         Call Imp          |     4 |     6 |    26 |    27 ||    63
         Summon Ice Beast  |     2 |     9 |    33 |    20 ||    64
         Foxfire           |       |     5 |    46 |    16 ||    67
         Sting             |       |       |     2 |     1 ||     3
         Brom's Barrelling |       |       |       |     9 ||     9
         Flame Wave        |       |       |       |     2 ||     2
         Blink             |       |       |       |     3 ||     3
    Use: Scroll            |       |     5 |    10 |     5 ||    20
         Potion            |       |     2 |       |     7 ||     9
 Armour: Robe              |    40 |    23 |   102 |       ||   165
         Steam dragon scal |       |       |    14 |    91 ||   105
  Dodge: Dodged            |    22 |    25 |   100 |    70 ||   217
  Block: Other             |       |       |    45 |    29 ||    74
         Reflection        |       |       |     4 |     2 ||     6

Table legend: (Time is in decaauts)
 A = Elapsed time spent in this place.
 B = Non-inter-level travel time spent in this place.
 C = Inter-level travel time spent in this place.
 D = Time resting spent in this place.
 E = Time spent auto-exploring this place.
 F = Levels seen in this place.
 G = Mean time per level.
                   A        B        C        D        E       F      G
               +--------+--------+--------+--------+--------+-----+--------+
         Total |  10782 |   9557 |   1225 |    907 |   5711 |  10 | 1078.2 |
       Dungeon |  10674 |   9552 |   1122 |    907 |   5711 |   9 | 1186.0 |
        Temple |    107 |      4 |    103 |      0 |      0 |   1 |  107.0 |
               +--------+--------+--------+--------+--------+-----+--------+

Top non-repeatable levels by time:
     D:9: 1481 daAuts
     D:8: 1434 daAuts
     D:3: 1413 daAuts
     D:4: 1355 daAuts
     D:2: 1335 daAuts
     D:1: 1050 daAuts
     D:7: 934 daAuts
     D:6: 866 daAuts
     D:5: 802 daAuts
  Temple: 107 daAuts
